 Dungeon Crawl Stone Soup version 0.31-a0-221-gbddc013574 (webtiles) character file.

Game seed: 6778114643225486016

60098 qw the Cleaver (level 14, -6/90 HPs)
             Began as a Gargoyle Fighter on July 3, 2023.
             Was an Elder of Okawaru.
             Mangled by a vault guard
             ... wielding a +0 great mace
              (18 damage)
             ... on level 14 of the Dungeon.
             The game lasted 00:11:16 (20849 turns).

qw the Cleaver (Gargoyle Fighter)                  Turns: 20849, Time: 00:11:16

Health: -6/90      AC: 37    Str: 24    XL:     14   Next: 97%
Magic:  20/21      EV: 14    Int: 10    God:    Okawaru [****..]
Gold:   386        SH: 13    Dex:  9    Spells: 13/13 levels left

rFire   . . .        v - +2 war axe (flame)
rCold   + . .        g - +0 kite shield
rNeg    + . .        w - +0 plate armour
rPois   inf          s - +1 helmet {SInv}
rElec   +            e - +0 cloak
rCorr   .            l - +2 pair of gloves
SInv    +            i - +0 pair of boots
Will    +....        (no amulet) Stlth
                     q - ring of protection from cold
HPRegen 0.35/turn    r - +5 ring of evasion
MPRegen 0.17/turn

%: no passive effects
@: about to teleport, heroic, flying
A: sickness immunity, AC +10, big wings, negative energy resistance 1,
electricity resistance, torment resistance 1, petrification resistance
a: Renounce Religion, Heroism, Finesse


You were on level 14 of the Dungeon.
You worshipped Okawaru.
Okawaru was greatly pleased with you.
You visited 3 branches of the dungeon, and saw 20 of its levels.
You also visited: Sewer.

You collected 1471 gold pieces.
You spent 1085 gold pieces at shops.


Innate Abilities, Weirdness & Mutations

You are immune to sickness and miasma.
Your stone body is resilient. (AC +10)
You are immune to poison.
Your large and strong wings let you fly.
You resist negative energy. (rN+)
You are resistant to electric shocks. (rElec)
You are resistant to unholy torment.
You are immune to petrification.


   Skills:
 - Level 11.0(16.0) Fighting
 + Level 14.9(19.9) Axes
 - Level 6.1(11.1) Throwing
 - Level 11.0(16.0) Armour
 - Level 2.1(7.1) Dodging
 - Level 12.0(17.0) Shields
 - Level 10.0 Invocations


You had 13 spell levels left.
You didn't know any spells.
Your spell library was empty.

Inventory:

Hand Weapons
 v - a +2 war axe of flaming (weapon)
 Y - a +1 broad axe
Missiles
 h - 3 silver javelins (quivered)
 k - 9 javelins
Armour
 e - a +0 cloak (worn)
 g - a +0 kite shield (worn)
 i - a +0 pair of boots (worn)
 l - a +2 pair of gloves (worn)
 s - a +1 helmet of see invisible (worn)
 w - a +0 plate armour (worn)
Jewellery
 o - a ring of willpower
 q - a ring of protection from cold (left hand)
 r - a +5 ring of evasion (right hand)
Scrolls
 b - 5 scrolls of identify
 m - a scroll of teleportation
Potions
 a - 4 potions of enlightenment
 c - 6 potions of magic
 d - 7 potions of might
 f - 5 potions of lignification
 j - 4 potions of curing
 n - 2 potions of haste
 p - 4 potions of attraction
 t - 2 potions of mutation
 u - a potion of cancellation
 x - 4 potions of heal wounds
 z - a potion of resistance

Dungeon Overview and Level Annotations

Branches:
Dungeon (14/15)            Temple (1/1) D:5            Lair (5/5) D:9
  Swamp (0/4) Lair:3        Snake (0/4) Lair:3        Slime (0/5) Lair:5
    Orc (0/2) D:12          Sewer (visited)
 Vaults: D:13-14

Altars:
Ashenzari
Cheibriados
Dithmenos
Elyvilon
Fedhas
Gozag
Hepliaklqana
Kikubaaqudgha
Makhleb
Nemelex Xobeh
Okawaru
Qazlal
Ru
Sif Muna
Trog
Uskayaw
Vehumet
Wu Jian
Xom
Yredelemnul
Zin
The Shining One
Jiyva

Shops:
D:3 [?   D:5 :   D:8 (   D:12 (

Portals:
Trove: D:12 (give +5 demon blade)

Annotations:
D:13 2 runed translucent doors, qw's ghost, journeyman MiHs
Lair:2 exclusion: ice statue


Message History

You hit the vault guard. You burn the vault guard.
The vault guard is almost dead.
You hit the vault guard but do no damage.
You hit the human. You burn the human. The vault guard blocks your attack.
You barely miss the vault guard. The vault guard closely misses you.
The vault guard hits you with a +0 long sword.
The vault guard hits you from afar with a +0 halberd.
You block the human's attack.
You slash the vault guard! You burn the vault guard.
You kill the vault guard!
Okawaru accepts your kill. Okawaru grants you throwing weapons!
Something appears at your feet!
You barely miss the vault guard. You miss the human. You hit the vault guard.
You burn the vault guard. The vault guard blocks your attack.
The vault guard hits you with a +0 war axe.
You block the vault guard's attack. x2; You block the human's attack.
You block the vault guard's attack.
You closely miss the human.
The human is severely wounded.
You barely miss the vault guard. You completely miss the human.
You hit the vault guard but do no damage.
The vault guard blocks your attack. The vault guard closely misses you.
You hit the human. You burn the human.
The human is almost dead.
You hit the vault guard. You burn the vault guard. You barely miss the human.
You slash the vault guard! You burn the vault guard.
The vault guard blocks your attack. The vault guard completely misses you.
You block the human's attack.
The vault guard hits you but does no damage.
The vault guard hits you from afar with a +0 halberd!
The human misses you.
The vault guard hits you with a +0 war axe!
20849 ||| READING 2 scrolls of teleportation.
As you read the scroll of teleportation, it crumbles to dust.
You feel strangely unstable. The human hits you but does no damage.
The vault guard hits you with a +0 great mace!!
You die...

#... #.. #.. #### #..
#... #.# #... #.# #
#... #p#p#+#+# #...
######@ppp.... ####
#....pppp..... #...
#......p..(... #...
#......#'#+#'# #...
#......#¤~.¤¤~ #...
#....###############...
#.#..#........'..#.....
#.#..#........#..#.....
#....#........#..#.....


You could see 5 vault guards and 5 humans.

Vanquished Creatures
  Rupert (D:12)
  A dire elephant (Lair:5)
  Josephine (D:14)
  Erolcha (D:10)
  A vault guard (D:14)
  A catoblepas (Lair:5)
  5 two-headed ogres
  6 death yaks
  A deep troll shaman (Lair:5)
  A tengu warrior (D:13)
  4 boulder beetles
  Urug (Lair:3)
  Sonja (Lair:4)
  Nergalle (Lair:2)
  2 skysharks
  2 bog bodies (Lair:3)
  A lindwurm (Lair:4)
  A deep elf pyromancer (D:12)
  2 ugly things
  3 manticores
  6 cyclopes
  6 elephants (Lair:5)
  3 black mambas
  Joseph (Lair:1)
  5 gargoyles
  6 cane toads
  3 rime drakes
  9 komodo dragons
  A rime drake (shapeshifter) (D:11)
  3 unseen horrors
  A kobold demonologist (D:11)
  2 ice devils (Lair:2)
  4 trolls
  9 polar bears
  3 meliai (D:13)
  2 hornets (D:8)
  18 blink frogs
  Sigmund (D:4)
  2 shadows
  4 wraiths
  8 slime creatures
  4 wyverns
  47 yaks
  5 basilisks
  A human (D:14)
  Grum (D:9)
  4 steam dragons
  A death yak simulacrum (Lair:2)
  A harpy simulacrum (Lair:2)
  2 acid dragons
  11 water moccasins
  5 ice beasts (D:8)
  A sky beast (D:7)
  8 orc warriors
  3 black bears
  2 ogres (D:6)
  11 wolves
  6 centaurs
  A phantom (D:6)
  Blork the orc (D:6)
  11 bullfrogs
  5 kobold brigands
  3 gnoll sergeants
  2 scorpions
  A cane toad simulacrum (Lair:2)
  3 wights (D:6)
  4 killer bees (D:7)
  An elephant simulacrum (Lair:2)
  2 electric eels
  A howler monkey (D:13)
  2 jellies (Lair:5)
  12 orc priests
  2 hounds
  Ijyb (D:4)
  A sleepcap (D:7)
  3 iguanas
  7 orc wizards
  A polar bear simulacrum (Lair:2)
  3 spriggan simulacra (Lair:2)
  16 gnolls
  3 river rats
  14 adders
  A shadow imp (D:7)
  3 white imps
  3 ufetubi (D:8)
  4 worms
  3 dart slugs
  34 orcs
  12 endoplasms
  4 giant cockroaches
  5 goblins
  2 hobgoblins
  A jackal (Sewer)
  24 kobolds
  2 quokkas
  10 ball pythons
  5 bats
  9 frilled lizards
  11 rats
  A fire vortex (Lair:3)
481 creatures vanquished.

Notes
Turn   | Place    | Note
-------+----------+-------------------------------------------
     0 | D:1      | qw the Gargoyle Fighter began the quest for the Orb.
     0 | D:1      | Reached XP level 1. HP: 14/14 MP: 1/1
     0 | D:1      | 0 ||| qw: Version: 0.3-a-40-ge99b1a8
     0 | D:1      | 0 ||| qw: Game counter: 616
     0 | D:1      | 0 ||| qw: Melee chars always use a shield: true
     0 | D:1      | 0 ||| qw: God list: Okawaru
     0 | D:1      | 0 ||| qw: Allow faded altars: false
     0 | D:1      | 0 ||| qw: Do Orc after clearing Dungeon:15 true
     0 | D:1      | 0 ||| qw: Do second Lair branch before Depths: true
     0 | D:1      | 0 ||| qw: Lair rune preference: random
     0 | D:1      | 0 ||| qw: Goals: Normal, Zot:1-4, Slime:5, God:TSO, Crypt,
                  | Tomb, Abyss, Pan, Hells, Win
     0 | D:1      | 0 ||| PLANNING D:1-11
    26 | D:1      | Reached skill level 2 in Axes
   145 | D:1      | Reached XP level 2. HP: 19/19 MP: 2/2
   170 | D:1      | 170 ||| FLEEEEING.
   171 | D:1      | 171 ||| FLEEEEING.
   172 | D:1      | 172 ||| FLEEEEING.
   173 | D:1      | 173 ||| FLEEEEING.
   174 | D:1      | 174 ||| FLEEEEING.
   175 | D:1      | 175 ||| FLEEEEING.
   176 | D:1      | 176 ||| FLEEEEING.
   177 | D:1      | 177 ||| FLEEEEING.
   178 | D:1      | 178 ||| FLEEEEING.
   381 | D:1      | 381 ||| Stepping ~*~*~tactically~*~*~ (stealth).
   751 | D:1      | 751 ||| DROPPING orb of wrath.
   752 | D:1      | 752 ||| UPGRADING to +0 chain mail.
   762 | D:1      | 762 ||| DROPPING +0 scale mail.
   763 | D:1      | 763 ||| UPGRADING to +0 pair of gloves.
   768 | D:1      | 768 ||| READING scroll labelled DUXTEH ORGHEEXT.
   769 | D:1      | 769 ||| READING scroll labelled HEDGHO OMNOGO.
   770 | D:1      | 770 ||| READING scroll labelled ANUOFI MAKKOL.
   771 | D:1      | 771 ||| READING scroll labelled HUICKA VITIHU.
   772 | D:1      | 772 ||| DRINKING 2 bubbling amethyst potions.
   795 | D:1      | 795 ||| DRINKING 2 white potions.
   837 | D:2      | Reached skill level 3 in Axes
   894 | D:2      | 894 ||| Stepping ~*~*~tactically~*~*~ (stealth).
   899 | D:2      | Reached XP level 3. HP: 23/23 MP: 3/3
   990 | D:2      | 990 ||| Stepping ~*~*~tactically~*~*~ (hiding).
  1107 | D:2      | Reached skill level 1 in Throwing
  1285 | D:2      | 1285 ||| FLEEEEING.
  1431 | D:2      | Reached XP level 4. HP: 22/28 MP: 4/4
  1468 | D:2      | Identified the +0 robe "Fomynats" {Archmagi}
  1484 | D:2      | 1484 ||| Stepping ~*~*~tactically~*~*~ (stealth).
  1488 | D:2      | 1488 ||| Stepping ~*~*~tactically~*~*~ (stealth).
  1806 | D:2      | 1806 ||| DRINKING 2 sapphire potions.
  1818 | D:3      | 1818 ||| STAIRDANCE
  1837 | D:3      | 1837 ||| Stepping ~*~*~tactically~*~*~ (hiding).
  1847 | D:3      | Reached skill level 4 in Axes
  1847 | D:3      | Reached XP level 5. HP: 19/32 MP: 5/5
  1851 | D:3      | HP: 3/32 [orc priest/divine providence (14)]
  1852 | D:3      | 1852 ||| DRINKING potion of heal wounds.
  2095 | D:3      | Found a faded altar of an unknown god.
  2180 | D:3      | Reached skill level 5 in Axes
  2183 | D:3      | Found Fetax's Armour Emporium.
  2183 | D:3      | Found Wemer's Magic Scroll Shoppe.
  2197 | D:3      | 2197 ||| DROPPING +0 club.
  2216 | D:3      | 2216 ||| BUYING +0 cloak (49 gold).
  2216 | D:3      | Bought a +0 cloak for 49 gold pieces
  2216 | D:3      | 2216 ||| BUYING +0 helmet (49 gold).
  2216 | D:3      | Bought a +0 helmet for 49 gold pieces
  2216 | D:3      | 2216 ||| SHOPLISTING +0 plate armour of fire resistance
                  | (330 gold, have 79).
  2216 | D:3      | 2216 ||| SHOPLISTING +1 helmet (126 gold, have 79).
  2218 | D:3      | 2218 ||| SHOPLISTING scroll of brand weapon (133 gold, have
                  | 79).
  2218 | D:3      | 2218 ||| SHOPLISTING scroll of enchant weapon (105 gold,
                  | have 79).
  2218 | D:3      | 2218 ||| BUYING scroll of identify (28 gold).
  2218 | D:3      | Bought a scroll of identify for 28 gold pieces
  2218 | D:3      | 2218 ||| BUYING scroll of identify (28 gold).
  2218 | D:3      | Bought a scroll of identify for 28 gold pieces
  2218 | D:3      | 2218 ||| SHOPLISTING scroll of teleportation (42 gold, have
                  | 23).
  2657 | D:3      | 2657 ||| UPGRADING to +0 cloak.
  2664 | D:3      | 2664 ||| UPGRADING to +0 helmet.
  2669 | D:3      | 2669 ||| UPGRADING to +0 pair of boots.
  2721 | D:3      | 2721 ||| READING 2 scrolls labelled RUONUGELAR.
  2725 | D:3      | 2725 ||| READING 4 scrolls of identify.
  2725 | D:3      | 2725 ||| IDENTIFYING bubbling ruby potion
  2726 | D:3      | 2726 ||| READING 3 scrolls of identify.
  2726 | D:3      | 2726 ||| IDENTIFYING glowing coppery potion
  2748 | D:4      | 2748 ||| PLANNING SEWER
  2780 | D:4      | 2780 ||| Stepping ~*~*~tactically~*~*~ (stealth).
  2789 | D:4      | Reached XP level 6. HP: 38/38 MP: 6/6
  3176 | D:4      | Noticed Sigmund
  3176 | D:4      | Noticed Ijyb
  3198 | D:4      | Paralysed by Ijyb for 5 turns
  3203 | D:4      | Killed Ijyb
  3217 | D:4      | 3217 ||| DRINKING potion of curing.
  3217 | D:4      | 3217 ||| (to cure confusion)
  3223 | D:4      | Killed Sigmund
  3224 | D:4      | Reached skill level 6 in Axes
  3224 | D:4      | Reached XP level 7. HP: 39/43 MP: 7/7
  3362 | D:4      | 3362 ||| Stepping ~*~*~tactically~*~*~ (stealth).
  3363 | D:4      | 3363 ||| Stepping ~*~*~tactically~*~*~ (stealth).
  3366 | D:4      | 3366 ||| Stepping ~*~*~tactically~*~*~ (stealth).
  3402 | D:4      | Found a glowing drain.
  3403 | D:4      | 3403 ||| Stepping ~*~*~tactically~*~*~ (water).
  3412 | D:4      | 3412 ||| UPGRADING to ring of protection from cold.
  3413 | D:4      | 3413 ||| UPGRADING to +5 ring of evasion.
  3417 | Sewer    | Entered a sewer
  3426 | Sewer    | Reached skill level 1 in Dodging
  3467 | Sewer    | 3467 ||| Stepping ~*~*~tactically~*~*~ (water).
  3563 | Sewer    | Found a white marble altar of Elyvilon.
  3635 | D:4      | 3635 ||| PLANNING D:1-11
  3688 | D:5      | Entered Level 5 of the Dungeon
  3728 | D:5      | Found Nariho's Book Shoppe.
  3742 | D:5      | Found an opulent altar of Gozag.
  3830 | D:5      | Identified the +1 robe "Veyriump" {Int+2 Dex+2 Stlth+}
  3851 | D:5      | Found a staircase to the Ecumenical Temple.
  3852 | D:5      | 3852 ||| PLANNING TEMPLE
  3852 | D:5      | 3852 ||| READING 2 scrolls labelled JYRODU WYP ASU.
  3853 | D:5      | 3853 ||| READING scroll labelled RITIMMUSUV.
  3854 | D:5      | 3854 ||| DROPPING scroll of noise.
  3863 | Temple   | Entered the Ecumenical Temple
  3892 | Temple   | 3892 ||| PLANNING D:1-11
  3971 | D:5      | 3971 ||| READING scroll labelled HETHRE YKLURANT.
  4235 | D:5      | 4235 ||| READING scroll labelled COEDDE AMNE.
  4236 | D:5      | 4236 ||| READING 2 scrolls of identify.
  4236 | D:5      | 4236 ||| IDENTIFYING smoky yellow potion
  4237 | D:5      | 4237 ||| DROPPING potion of degeneration.
  4309 | D:6      | 4309 ||| Stepping ~*~*~tactically~*~*~ (stealth).
  4316 | D:6      | Reached skill level 7 in Axes
  4320 | D:6      | Reached XP level 8. HP: 43/48 MP: 8/8
  4369 | D:6      | 4369 ||| Stepping ~*~*~tactically~*~*~ (stealth).
  4456 | D:6      | 4456 ||| DROPPING +0 whip.
  4611 | D:6      | Reached skill level 8 in Axes
  4634 | D:6      | Found an ancient bone altar of Kikubaaqudgha.
  4685 | D:6      | Noticed Blork the orc
  4691 | D:6      | Killed Blork the orc
  4695 | D:6      | Reached skill level 6 in Fighting
  4770 | D:6      | 4770 ||| Stepping ~*~*~tactically~*~*~ (hiding).
  4804 | D:6      | 4804 ||| FLEEEEING.
  4883 | D:6      | 4883 ||| Stepping ~*~*~tactically~*~*~ (hiding).
  4884 | D:6      | 4884 ||| Stepping ~*~*~tactically~*~*~ (hiding).
  4892 | D:6      | 4892 ||| Stepping ~*~*~tactically~*~*~ (hiding).
  5009 | D:6      | Reached XP level 9. HP: 55/55 MP: 9/9
  5015 | D:6      | 5015 ||| Stepping ~*~*~tactically~*~*~ (stealth).
  5019 | D:6      | 5019 ||| Stepping ~*~*~tactically~*~*~ (stealth).
  5020 | D:6      | 5020 ||| Stepping ~*~*~tactically~*~*~ (stealth).
  5021 | D:6      | 5021 ||| Stepping ~*~*~tactically~*~*~ (stealth).
  5022 | D:6      | 5022 ||| Stepping ~*~*~tactically~*~*~ (stealth).
  5036 | D:6      | HP: 8/55 [shadow (7)]
  5037 | D:6      | 5037 ||| READING 2 scrolls of teleportation.
  5288 | D:6      | Reached skill level 9 in Axes
  5473 | D:6      | 5473 ||| UPGRADING to +0 kite shield.
  5483 | D:6      | 5483 ||| DROPPING +0 buckler.
  5484 | D:6      | 5484 ||| READING scroll labelled XORUON JEEJ.
  5518 | D:7      | 5518 ||| Stepping ~*~*~tactically~*~*~ (cloud).
  5519 | D:7      | 5519 ||| STAIRDANCE
  5802 | D:7      | Reached skill level 6 in Shields
  5850 | D:7      | Found a shadowy altar of Dithmenos.
  5958 | D:7      | Found a hide-covered altar of Uskayaw.
  5959 | D:7      | 5959 ||| Stepping ~*~*~tactically~*~*~ (hiding).
  6016 | D:7      | 6016 ||| Stepping ~*~*~tactically~*~*~ (hiding).
  6187 | D:7      | 6187 ||| READING 4 scrolls of identify.
  6187 | D:7      | 6187 ||| IDENTIFYING glowing clear potion
  6220 | D:8      | Noticed a hornet
  6227 | D:8      | Killed a hornet
  6296 | D:8      | Found a shimmering altar of Xom.
  6296 | D:8      | Found an iron altar of Okawaru.
  6297 | D:8      | 6297 ||| PLANNING OKAWARU WORSHIP
  6326 | D:8      | Reached XP level 10. HP: 61/61 MP: 10/10
  6411 | D:8      | 6411 ||| Stepping ~*~*~tactically~*~*~ (stealth).
  6553 | D:8      | 6553 ||| Stepping ~*~*~tactically~*~*~ (hiding).
  6658 | D:8      | Found the +18 Lear's hauberk
  6691 | D:8      | Reached skill level 6 in Armour
  6747 | D:8      | Found an ornate altar of the Wu Jian Council.
  6851 | D:8      | Reached skill level 9 in Shields
  6927 | D:8      | 6927 ||| Stepping ~*~*~tactically~*~*~ (hiding).
  7115 | D:8      | Found Diz Ciav's Antique Weapon Boutique.
  7119 | D:8      | 7119 ||| BUYING runed flail (143 gold).
  7119 | D:8      | Bought a runed flail for 143 gold pieces
  7119 | D:8      | 7119 ||| DROPPING +0 flail.
  7197 | D:8      | 7197 ||| FLEEEEING.
  7198 | D:8      | 7198 ||| FLEEEEING.
  7199 | D:8      | 7199 ||| FLEEEEING.
  7200 | D:8      | 7200 ||| FLEEEEING.
  7201 | D:8      | 7201 ||| FLEEEEING.
  7202 | D:8      | 7202 ||| FLEEEEING.
  7205 | D:8      | 7205 ||| FLEEEEING.
  7206 | D:8      | 7206 ||| FLEEEEING.
  7208 | D:8      | 7208 ||| STAIRDANCE
  7271 | D:8      | 7271 ||| STAIRDANCE
  7403 | D:8      | Became a worshipper of Warmaster Okawaru
  7404 | D:8      | 7404 ||| PLANNING D:1-11
  7695 | D:9      | Noticed a boulder beetle
  7713 | D:9      | Killed a boulder beetle
  7714 | D:9      | Reached skill level 10 in Axes
  7918 | D:9      | Reached * piety under Okawaru
  7920 | D:9      | 7920 ||| INVOKING Heroism.
  8072 | D:9      | Reached skill level 1 in Invocations
  8076 | D:9      | Reached XP level 11. HP: 57/68 MP: 10/12
  8165 | D:9      | Noticed a two-headed ogre
  8166 | D:9      | 8166 ||| INVOKING Heroism.
  8173 | D:9      | Killed a two-headed ogre
  8174 | D:9      | Reached skill level 3 in Invocations
  8245 | D:9      | 8245 ||| Stepping ~*~*~tactically~*~*~ (hiding).
  8247 | D:9      | 8247 ||| Stepping ~*~*~tactically~*~*~ (hiding).
  8248 | D:9      | 8248 ||| Stepping ~*~*~tactically~*~*~ (hiding).
  8337 | D:9      | 8337 ||| Stepping ~*~*~tactically~*~*~ (hiding).
  8338 | D:9      | 8338 ||| INVOKING Heroism.
  8339 | D:9      | 8339 ||| Stepping ~*~*~tactically~*~*~ (cloud).
  8349 | D:9      | 8349 ||| Stepping ~*~*~tactically~*~*~ (cloud).
  8437 | D:9      | Noticed Grum
  8438 | D:9      | 8438 ||| INVOKING Heroism.
  8455 | D:9      | Killed Grum
  8456 | D:9      | Reached skill level 3 in Throwing
  8604 | D:9      | Noticed a two-headed ogre
  8605 | D:9      | 8605 ||| INVOKING Heroism.
  8613 | D:9      | Killed a two-headed ogre
  8613 | D:9      | Reached ** piety under Okawaru
  8614 | D:9      | Reached skill level 11 in Axes
  8750 | D:9      | 8750 ||| Stepping ~*~*~tactically~*~*~ (hiding).
  8752 | D:9      | 8752 ||| Stepping ~*~*~tactically~*~*~ (hiding).
  8753 | D:9      | 8753 ||| Stepping ~*~*~tactically~*~*~ (hiding).
  8754 | D:9      | 8754 ||| INVOKING Heroism.
  8828 | D:9      | Found a staircase to the Lair.
  9009 | D:9      | 9009 ||| PLANNING LAIR
  9009 | D:9      | 9009 ||| UPGRADING to +0 plate armour.
  9019 | D:9      | 9019 ||| DROPPING +0 chain mail.
  9020 | D:9      | 9020 ||| READING scroll labelled UMPUK YHUY.
  9021 | D:9      | 9021 ||| DRINKING 2 grey potions.
  9022 | D:9      | 9022 ||| READING 6 scrolls of identify.
  9022 | D:9      | 9022 ||| IDENTIFYING fizzy white potion
  9023 | D:9      | 9023 ||| READING 5 scrolls of identify.
  9023 | D:9      | 9023 ||| IDENTIFYING glowing sapphire potion
  9024 | D:9      | 9024 ||| DROPPING potion of ambrosia.
  9135 | Lair:1   | Entered Level 1 of the Lair of Beasts
  9137 | Lair:1   | 9137 ||| Stepping ~*~*~tactically~*~*~ (stealth).
  9154 | Lair:1   | 9154 ||| FLEEEEING.
  9155 | Lair:1   | 9155 ||| STAIRDANCE
  9194 | Lair:1   | 9194 ||| INVOKING Heroism.
  9315 | Lair:1   | Reached *** piety under Okawaru
  9410 | Lair:1   | 9410 ||| INVOKING Heroism.
  9490 | Lair:1   | 9490 ||| INVOKING Heroism.
  9520 | Lair:1   | 9520 ||| Stepping ~*~*~tactically~*~*~ (stealth).
  9522 | Lair:1   | 9522 ||| INVOKING Heroism.
  9608 | Lair:1   | Reached skill level 9 in Fighting
  9837 | Lair:1   | Noticed Joseph
  9848 | Lair:1   | Killed Joseph
  9991 | Lair:2   | 9991 ||| INVOKING Heroism.
  9997 | Lair:2   | Reached XP level 12. HP: 76/76 MP: 12/15
 10011 | Lair:2   | Reached skill level 9 in Armour
 10022 | Lair:2   | 10022 ||| INVOKING Heroism.
 10085 | Lair:2   | 10085 ||| FLEEEEING.
 10086 | Lair:2   | 10086 ||| FLEEEEING.
 10089 | Lair:2   | 10089 ||| STAIRDANCE
 10143 | Lair:2   | 10143 ||| Stepping ~*~*~tactically~*~*~ (stealth).
 10144 | Lair:2   | 10144 ||| Stepping ~*~*~tactically~*~*~ (stealth).
 10146 | Lair:2   | 10146 ||| INVOKING Heroism.
 10177 | Lair:2   | 10177 ||| INVOKING Heroism.
 10261 | Lair:2   | Reached skill level 12 in Axes
 10277 | Lair:2   | Reached **** piety under Okawaru
 10279 | Lair:2   | 10279 ||| INVOKING Heroism.
 10444 | Lair:2   | 10444 ||| INVOKING Heroism.
 10500 | Lair:2   | Received a gift from Okawaru
 10536 | Lair:2   | 10536 ||| INVOKING Heroism.
 10559 | Lair:2   | 10559 ||| Stepping ~*~*~tactically~*~*~ (stealth).
 10566 | Lair:2   | 10566 ||| INVOKING Heroism.
 10572 | Lair:2   | 10572 ||| Stepping ~*~*~tactically~*~*~ (hiding).
 10576 | Lair:2   | 10576 ||| Stepping ~*~*~tactically~*~*~ (hiding).
 10610 | Lair:2   | 10610 ||| Stepping ~*~*~tactically~*~*~ (stealth).
 10615 | Lair:2   | 10615 ||| Stepping ~*~*~tactically~*~*~ (stealth).
 10616 | Lair:2   | 10616 ||| Stepping ~*~*~tactically~*~*~ (stealth).
 10628 | Lair:2   | 10628 ||| INVOKING Heroism.
 10632 | Lair:2   | 10632 ||| Stepping ~*~*~tactically~*~*~ (water).
 10632 | Lair:2   | Noticed a death yak
 10653 | Lair:2   | Killed a death yak
 10656 | Lair:2   | 10656 ||| INVOKING Heroism.
 10683 | Lair:2   | Reached skill level 6 in Invocations
 10696 | Lair:2   | 10696 ||| INVOKING Heroism.
 10700 | Lair:2   | 10700 ||| FLEEEEING.
 10709 | Lair:2   | 10709 ||| STAIRDANCE
 10864 | Lair:2   | Noticed Nergalle
 10865 | Lair:2   | 10865 ||| Stepping ~*~*~tactically~*~*~ (hiding).
 10867 | Lair:2   | 10867 ||| Stepping ~*~*~tactically~*~*~ (hiding).
 10870 | Lair:2   | 10870 ||| INVOKING Heroism.
 10880 | Lair:2   | Killed Nergalle
 10905 | Lair:2   | 10905 ||| INVOKING Heroism.
 10999 | Lair:2   | 10999 ||| INVOKING Heroism.
 11027 | Lair:2   | HP: 16/77 [ice statue] (7)]
 11028 | Lair:2   | 11028 ||| READING 3 scrolls of teleportation.
 11035 | Lair:2   | 11035 ||| FLEEEEING.
 11036 | Lair:2   | 11036 ||| FLEEEEING.
 11037 | Lair:2   | 11037 ||| FLEEEEING.
 11038 | Lair:2   | 11038 ||| FLEEEEING.
 11039 | Lair:2   | 11039 ||| FLEEEEING.
 11040 | Lair:2   | 11040 ||| FLEEEEING.
 11041 | Lair:2   | 11041 ||| FLEEEEING.
 11042 | Lair:2   | 11042 ||| FLEEEEING.
 11044 | Lair:2   | 11044 ||| FLEEEEING.
 11046 | Lair:2   | 11046 ||| FLEEEEING.
 11047 | Lair:2   | 11047 ||| STAIRDANCE
 11188 | Lair:1   | 11188 ||| Stepping ~*~*~tactically~*~*~ (stealth).
 11544 | Lair:3   | 11544 ||| INVOKING Heroism.
 11573 | Lair:3   | Identified the +4 dagger of the Moth {drain, Int+4}
 11682 | Lair:3   | 11682 ||| Stepping ~*~*~tactically~*~*~ (hiding).
 11683 | Lair:3   | 11683 ||| Stepping ~*~*~tactically~*~*~ (hiding).
 11736 | Lair:3   | 11736 ||| INVOKING Heroism.
 11899 | Lair:3   | Found a staircase to the Snake Pit.
 11905 | Lair:3   | Found a staircase to the Swamp.
 11914 | Lair:3   | Reached XP level 13. HP: 70/82 MP: 17/17
 12257 | Lair:3   | Noticed Urug
 12258 | Lair:3   | 12258 ||| INVOKING Heroism.
 12275 | Lair:3   | 12275 ||| INVOKING Heroism.
 12280 | Lair:3   | Killed Urug
 12526 | Lair:3   | 12526 ||| READING scroll labelled ZIUJESK ASOICWO.
 12527 | Lair:3   | 12527 ||| DRINKING 2 brown potions.
 12803 | Lair:4   | 12803 ||| INVOKING Heroism.
 12942 | Lair:4   | 12942 ||| Stepping ~*~*~tactically~*~*~ (stealth).
 12956 | Lair:4   | 12956 ||| INVOKING Heroism.
 13133 | Lair:4   | Noticed Sonja
 13150 | Lair:4   | 13150 ||| INVOKING Heroism.
 13156 | Lair:4   | Killed Sonja
 13157 | Lair:4   | Reached skill level 13 in Axes
 13344 | Lair:4   | Identified the +4 sling "Bidgh" {drain, *Corrode rF++ MP+9
                  | SInv}
 13444 | Lair:4   | 13444 ||| INVOKING Heroism.
 13491 | Lair:4   | 13491 ||| INVOKING Heroism.
 13695 | Lair:4   | 13695 ||| DROPPING ring of wizardry.
 13696 | Lair:4   | 13696 ||| READING scroll labelled DAM OJABBUEMOE.
 13779 | Lair:5   | Entered Level 5 of the Lair of Beasts
 13877 | Lair:5   | 13877 ||| Stepping ~*~*~tactically~*~*~ (stealth).
 13878 | Lair:5   | 13878 ||| Stepping ~*~*~tactically~*~*~ (stealth).
 13880 | Lair:5   | 13880 ||| INVOKING Heroism.
 14045 | Lair:5   | 14045 ||| INVOKING Heroism.
 14059 | Lair:5   | 14059 ||| INVOKING Heroism.
 14246 | Lair:5   | 14246 ||| READING scroll of enchant armour.
 14246 | Lair:5   | 14246 ||| ENCHANTING +0 pair of gloves.
 14299 | Lair:5   | Found a dark tunnel.
 14327 | Lair:5   | 14327 ||| READING scroll of enchant armour.
 14327 | Lair:5   | 14327 ||| ENCHANTING +1 pair of gloves.
 14340 | Lair:5   | 14340 ||| INVOKING Heroism.
 14349 | Lair:5   | Reached skill level 9 in Invocations
 14364 | Lair:5   | Found a viscous altar of Jiyva.
 14364 | Lair:5   | Found a staircase to the Slime Pits.
 14495 | Lair:5   | 14495 ||| INVOKING Heroism.
 14547 | Lair:5   | 14547 ||| INVOKING Heroism.
 14656 | Lair:5   | 14656 ||| FLEEEEING.
 14657 | Lair:5   | 14657 ||| FLEEEEING.
 14658 | Lair:5   | 14658 ||| FLEEEEING.
 14659 | Lair:5   | 14659 ||| FLEEEEING.
 14660 | Lair:5   | 14660 ||| FLEEEEING.
 14661 | Lair:5   | 14661 ||| FLEEEEING.
 14662 | Lair:5   | 14662 ||| FLEEEEING.
 14663 | Lair:5   | 14663 ||| FLEEEEING.
 14664 | Lair:5   | 14664 ||| FLEEEEING.
 14665 | Lair:5   | 14665 ||| FLEEEEING.
 14666 | Lair:5   | 14666 ||| FLEEEEING.
 14667 | Lair:5   | 14667 ||| FLEEEEING.
 14668 | Lair:5   | 14668 ||| FLEEEEING.
 14669 | Lair:5   | 14669 ||| FLEEEEING.
 14670 | Lair:5   | 14670 ||| FLEEEEING.
 14671 | Lair:5   | 14671 ||| FLEEEEING.
 14673 | Lair:5   | 14673 ||| FLEEEEING.
 14674 | Lair:5   | 14674 ||| FLEEEEING.
 14675 | Lair:5   | 14675 ||| FLEEEEING.
 14676 | Lair:5   | 14676 ||| FLEEEEING.
 14677 | Lair:5   | 14677 ||| FLEEEEING.
 14678 | Lair:5   | 14678 ||| FLEEEEING.
 14679 | Lair:5   | 14679 ||| FLEEEEING.
 14680 | Lair:5   | 14680 ||| FLEEEEING.
 14681 | Lair:5   | 14681 ||| INVOKING Heroism.
 14720 | Lair:5   | 14720 ||| FLEEEEING.
 14891 | Lair:5   | Received a gift from Okawaru
 14940 | Lair:5   | 14940 ||| INVOKING Heroism.
 14941 | Lair:5   | Noticed a dire elephant
 14962 | Lair:5   | Killed a dire elephant
 14963 | Lair:5   | Gained mutation: Your large and strong wings let you fly.
                  | [Gargoyle growth]
 14963 | Lair:5   | Reached XP level 14. HP: 52/88 MP: 21/21
 15095 | Lair:5   | 15095 ||| DROPPING +0 heavy flail.
 15096 | Lair:5   | 15096 ||| DROPPING +1 flail of draining.
 15295 | Lair:5   | 15295 ||| PLANNING D:1-11
 15295 | Lair:5   | 15295 ||| UPGRADING to +0 helmet of see invisible.
 15305 | Lair:5   | 15305 ||| DROPPING +0 helmet.
 15306 | Lair:5   | 15306 ||| READING 6 scrolls of identify.
 15306 | Lair:5   | 15306 ||| IDENTIFYING lumpy clear potion
 15461 | D:10     | Entered Level 10 of the Dungeon
 15528 | D:10     | Found a white marble altar of Elyvilon.
 15529 | D:10     | Found a glowing golden altar of the Shining One.
 15530 | D:10     | Found a bloodstained altar of Trog.
 15530 | D:10     | Found a basalt altar of Yredelemnul.
 15531 | D:10     | Found a radiant altar of Vehumet.
 15531 | D:10     | Found a blossoming altar of Fedhas.
 15532 | D:10     | Found a shimmering blue altar of Sif Muna.
 15532 | D:10     | Found a snail-covered altar of Cheibriados.
 15532 | D:10     | Found a broken altar of Ashenzari.
 15549 | D:10     | 15549 ||| Stepping ~*~*~tactically~*~*~ (cloud).
 15555 | D:10     | 15555 ||| Stepping ~*~*~tactically~*~*~ (stealth).
 15650 | D:10     | Received a gift from Okawaru
 15656 | D:10     | Reached skill level 14 in Axes
 15798 | D:10     | 15798 ||| Stepping ~*~*~tactically~*~*~ (hiding).
 15799 | D:10     | 15799 ||| Stepping ~*~*~tactically~*~*~ (hiding).
 15998 | D:10     | Noticed Erolcha
 15999 | D:10     | 15999 ||| INVOKING Heroism.
 16010 | D:10     | Killed Erolcha
 16386 | D:10     | 16386 ||| DROPPING ring of magical power.
 16387 | D:10     | 16387 ||| READING 5 scrolls of identify.
 16387 | D:10     | 16387 ||| IDENTIFYING glowing silvery potion
 16388 | D:10     | 16388 ||| READING 4 scrolls of identify.
 16388 | D:10     | 16388 ||| IDENTIFYING pink potion
 16389 | D:10     | 16389 ||| DROPPING potion of brilliance.
 16390 | D:10     | 16390 ||| DROPPING potion of berserk rage.
 16452 | D:11     | 16452 ||| Stepping ~*~*~tactically~*~*~ (hiding).
 16453 | D:11     | 16453 ||| Stepping ~*~*~tactically~*~*~ (hiding).
 16552 | D:11     | 16552 ||| READING scroll of enchant armour.
 16552 | D:11     | 16552 ||| ENCHANTING +0 helmet of see invisible.
 16679 | D:11     | 16679 ||| INVOKING Heroism.
 16684 | D:11     | 16684 ||| Stepping ~*~*~tactically~*~*~ (hiding).
 16687 | D:11     | 16687 ||| Stepping ~*~*~tactically~*~*~ (hiding).
 16688 | D:11     | 16688 ||| Stepping ~*~*~tactically~*~*~ (hiding).
 16804 | D:11     | 16804 ||| Stepping ~*~*~tactically~*~*~ (hiding).
 17153 | D:11     | 17153 ||| INVOKING Heroism.
 17158 | D:11     | 17158 ||| FLEEEEING.
 17159 | D:11     | 17159 ||| FLEEEEING.
 17160 | D:11     | 17160 ||| FLEEEEING.
 17161 | D:11     | 17161 ||| FLEEEEING.
 17162 | D:11     | 17162 ||| FLEEEEING.
 17163 | D:11     | 17163 ||| FLEEEEING.
 17164 | D:11     | 17164 ||| FLEEEEING.
 17165 | D:11     | 17165 ||| FLEEEEING.
 17166 | D:11     | 17166 ||| FLEEEEING.
 17370 | D:11     | 17370 ||| Stepping ~*~*~tactically~*~*~ (hiding).
 17388 | D:11     | 17388 ||| Stepping ~*~*~tactically~*~*~ (cloud).
 17390 | D:11     | 17390 ||| Stepping ~*~*~tactically~*~*~ (cloud).
 17730 | D:11     | 17730 ||| PLANNING D
 17730 | D:11     | 17730 ||| DROPPING +6 ring of intelligence.
 17873 | D:12     | Found a portal to a secret trove of treasure.
 17906 | D:12     | 17906 ||| Stepping ~*~*~tactically~*~*~ (hiding).
 17982 | D:12     | 17982 ||| Stepping ~*~*~tactically~*~*~ (stealth).
 17985 | D:12     | 17985 ||| Stepping ~*~*~tactically~*~*~ (stealth).
 17989 | D:12     | Noticed Rupert
 17990 | D:12     | 17990 ||| INVOKING Heroism.
 18006 | D:12     | Paralysed by Rupert for 4 turns
 18018 | D:12     | Killed Rupert
 18021 | D:12     | Reached ***** piety under Okawaru
 18246 | D:12     | 18246 ||| INVOKING Heroism.
 18308 | D:12     | 18308 ||| FLEEEEING.
 18309 | D:12     | 18309 ||| FLEEEEING.
 18312 | D:12     | 18312 ||| FLEEEEING.
 18313 | D:12     | 18313 ||| FLEEEEING.
 18317 | D:12     | 18317 ||| FLEEEEING.
 18318 | D:12     | 18318 ||| STAIRDANCE
 18355 | D:11     | 18355 ||| READING scroll labelled QAOWUTIECW.
 18393 | D:12     | 18393 ||| Stepping ~*~*~tactically~*~*~ (stealth).
 18396 | D:12     | 18396 ||| Stepping ~*~*~tactically~*~*~ (hiding).
 18397 | D:12     | 18397 ||| Stepping ~*~*~tactically~*~*~ (hiding).
 18442 | D:12     | 18442 ||| Stepping ~*~*~tactically~*~*~ (stealth).
 18447 | D:12     | Found a staircase to the Orcish Mines.
 18459 | D:12     | 18459 ||| Stepping ~*~*~tactically~*~*~ (hiding).
 18460 | D:12     | 18460 ||| Stepping ~*~*~tactically~*~*~ (hiding).
 18461 | D:12     | 18461 ||| Stepping ~*~*~tactically~*~*~ (hiding).
 18462 | D:12     | 18462 ||| Stepping ~*~*~tactically~*~*~ (hiding).
 18514 | D:12     | Found Wuech's Weapon Boutique.
 18536 | D:12     | 18536 ||| BUYING +0 broad axe (48 gold).
 18536 | D:12     | Bought a +0 broad axe for 48 gold pieces
 18536 | D:12     | 18536 ||| BUYING +6 morningstar of Laemeh {flame, rF+
                  | Str+5} (740 gold).
 18536 | D:12     | Bought the +6 morningstar of Laemeh {flame, rF+ Str+5} for
                  | 740 gold pieces
 18536 | D:12     | 18536 ||| SWAPPING to +0 broad axe.
 18537 | D:12     | 18537 ||| DROPPING +0 morningstar.
 18538 | D:12     | 18538 ||| DROPPING +0 war axe of venom.
 18930 | D:13     | Reached skill level 12 in Shields
 18958 | D:13     | 18958 ||| Stepping ~*~*~tactically~*~*~ (stealth).
 18963 | D:13     | 18963 ||| INVOKING Heroism.
 18964 | D:13     | 18964 ||| READING 5 scrolls of teleportation.
 18968 | D:13     | Found a runed translucent door.
 18984 | D:13     | Noticed qw's ghost (journeyman MiHs)
 18984 | D:13     | Noticed a lich
 18990 | D:13     | Found a runed translucent door.
 19126 | D:13     | 19126 ||| FLEEEEING.
 19139 | D:13     | 19139 ||| FLEEEEING.
 19149 | D:13     | 19149 ||| STAIRDANCE
 19181 | D:12     | 19181 ||| READING scroll labelled QONI JEMO WIRI.
 19182 | D:12     | 19182 ||| READING scroll labelled MENUEL GIUCEH.
 19195 | D:13     | 19195 ||| INVOKING Heroism.
 19200 | D:13     | 19200 ||| READING 4 scrolls of teleportation.
 19319 | D:13     | 19319 ||| Stepping ~*~*~tactically~*~*~ (hiding).
 19333 | D:13     | 19333 ||| INVOKING Heroism.
 19382 | D:13     | Reached skill level 6 in Throwing
 19390 | D:13     | 19390 ||| INVOKING Heroism.
 19412 | D:13     | 19412 ||| INVOKING Finesse.
 19652 | D:13     | 19652 ||| Stepping ~*~*~tactically~*~*~ (stealth).
 19654 | D:13     | 19654 ||| Stepping ~*~*~tactically~*~*~ (stealth).
 19664 | D:13     | 19664 ||| Stepping ~*~*~tactically~*~*~ (stealth).
 19666 | D:13     | 19666 ||| Stepping ~*~*~tactically~*~*~ (stealth).
 19668 | D:13     | 19668 ||| INVOKING Heroism.
 19681 | D:13     | 19681 ||| Stepping ~*~*~tactically~*~*~ (hiding).
 19803 | D:13     | 19803 ||| INVOKING Heroism.
 19809 | D:13     | HP: 15/90 [meliai/divine providence (17)]
 19810 | D:13     | 19810 ||| READING 3 scrolls of teleportation.
 19811 | D:13     | 19811 ||| DRINKING 5 potions of heal wounds.
 20019 | D:13     | 20019 ||| Stepping ~*~*~tactically~*~*~ (stealth).
 20021 | D:13     | 20021 ||| INVOKING Heroism.
 20226 | D:13     | 20226 ||| SWAPPING to +2 war axe of flaming.
 20227 | D:13     | 20227 ||| DROPPING +6 morningstar of Laemeh {flame, rF+
                  | Str+5}.
 20414 | D:13     | Noticed a dire elephant
 20510 | D:14     | 20510 ||| Stepping ~*~*~tactically~*~*~ (hiding).
 20699 | D:14     | Noticed Josephine
 20700 | D:14     | 20700 ||| Stepping ~*~*~tactically~*~*~ (stealth).
 20728 | D:14     | Killed Josephine
 20841 | D:14     | 20841 ||| INVOKING Heroism.
 20846 | D:14     | Received a gift from Okawaru
 20848 | D:14     | HP: 22/90 [vault guard/+0 halberd (9)]
 20849 | D:14     | 20849 ||| READING 2 scrolls of teleportation.
 20849 | D:14     | Mangled by a vault guard

Levels and vault maps discovered:
D:1:      evilmike_arrival_plus, layout_loops_cross, dk_noncrumbling_4
D:2:      layout_basic
D:3:      layout_basic, serial_glass, glass_columns_b, glass_columns_a,
          due_unseen_surprise, serial_shops, shop, shop,
          shapermc_ecumenical_altar_notcrosses, minmay_misc_feat_more_columns
D:4:      layout_layer_cave, portal_sewer_entry_e, uniq_sigmund, uniq_ijyb
D:5:      layout_rooms, mainiacjoe_overflow_alcove_1, minmay_temple_entry_hall,
          serial_shops, nicolae_shop_waterfront, hangedman_glass_teeth
D:6:      layout_loops_cross, mainiacjoe_overflow_tiny_flanked,
          lightli_minifort, uniq_blork_the_orc
D:7:      layout_gridville, nicolae_uskayaw_dance_studio,
          nicolae_dithmenos_shadow_blocks, serial_glass, glass_columns_b,
          glass_columns_a
D:8:      layout_cave_pods, nzn_wu_jian_contemplation,
          mainiacjoe_overflow_divided_tiny, serial_shops,
          nicolae_shop_back_alley_shop, serial_ice, serial_ice_g, serial_ice_a,
          serial_ice_l, serial_ice_o, serial_ice_h, serial_ice_f, serial_ice_e,
          serial_ice_m
D:9:      layout_long_grid, erik_lair_dragon, uniq_grum
D:10:     layout_small_grid, nicolae_overflows_in_rows, minmay_misc_feat_doors,
          uniq_erolcha
D:11:     layout_basic
D:12:     layout_basic, david_orc_2, enter_trove_6, serial_shops, shop,
          uniq_rupert
D:13:     layout_roguey, muffindrake_ghost_dual_entry, minmay_bent
D:14:     layout_stronghold, ximxim_vaults_locker_room,
          minmay_stone_trees_small, uniq_josephine
Temple:   nicolae_temple_ecumenical_triangle
Lair:1:   layout_long_grid, uniq_joseph
Lair:2:   dreamdust_isle_of_ice, layout_cave_shapes, grunt_megastairs_4,
          uniq_nergalle
Lair:3:   layout_gridlike, skrybe_swamp_entry_bodies, uniq_urug
Lair:4:   layout_gridlike, grunt_megastairs_3, serial_bayou_shore_a, uniq_sonja
Lair:5:   grunt_lair_end_beastmaster, layout_regular_city,
          nicolae_slime_entry_slimehenge, nicolae_volcano_entry_two_sided

Skill      XL: |  1  2  3  4  5  6  7  8  9 10 11 12 13 14 |
---------------+-------------------------------------------+-----
Axes           | 2 3 4 5 6 7 8 9 10 11 12 13 14 | 14.9
Throwing       | 1 2 3 4 6 |  6.1
Fighting       | 4 6 8 9 10 11 | 11.0
Dodging        | 1 2 |  2.1
Armour         | 4 5 6 8 10 11 | 11.0
Shields        | 8 9 10 11 12 | 12.0
Invocations    | 2 4 6 10 | 10.0

Action                     |  1- 3 |  4- 6 |  7- 9 | 10-12 | 13-15 || total
---------------------------+-------+-------+-------+-------+-------++-------
  Melee: War axe           |    79 |   113 |   263 |   612 |   639 ||  1706
         Broad axe         |       |       |       |       |   191 ||   191
  Throw: Javelin           |    33 |    45 |    60 |    57 |   130 ||   325
         Boomerang         |       |     6 |    13 |    22 |       ||    41
 Invoke: Heroism           |       |       |       |    26 |    28 ||    54
         Finesse           |       |       |       |       |     1 ||     1
    Use: Scroll            |     4 |     3 |     8 |     4 |    15 ||    34
         Potion            |     2 |     3 |       |     1 |     2 ||     8
 Armour: Scale mail        |    27 |       |       |       |       ||    27
         Chain mail        |    18 |    82 |    97 |    82 |       ||   279
         Plate armour      |       |       |       |   159 |   396 ||   555
  Dodge: Dodged            |    31 |    45 |   157 |   269 |   381 ||   883
  Block: Buckler           |    13 |    18 |    25 |       |       ||    56
         Kite shield       |       |       |    33 |   350 |   453 ||   836

Table legend:
 A = Non-vault XP
 B = Vault XP
 C = Vault XP percentage of total XP
 D = Non-vault monster count
 E = Vault monster count
 F = Vault count percentage of total count
                 A         B        C        D         E       F
            +---------+---------+-------+---------+---------+-------
      Total |   51318 |   34537 |  40.2 |     341 |     139 |  29.0
            +---------+---------+-------+---------+---------+-------
        D:1 |      29 |       0 |   0.0 |      18 |       0 |   0.0
        D:2 |      97 |       0 |   0.0 |      28 |       0 |   0.0
        D:3 |     172 |       0 |   0.0 |      19 |       0 |   0.0
        D:4 |     123 |     298 |  70.8 |      13 |      10 |  43.5
        D:5 |     147 |       0 |   0.0 |       5 |       0 |   0.0
        D:6 |    1664 |     310 |  15.7 |      30 |       6 |  16.7
        D:7 |    1004 |      98 |   8.9 |      12 |       5 |  29.4
        D:8 |    1361 |    1634 |  54.6 |      26 |      15 |  36.6
        D:9 |    4604 |    1600 |  25.8 |      25 |       8 |  24.2
       D:10 |    4445 |     888 |  16.7 |      24 |       1 |   4.0
       D:11 |    4203 |       0 |   0.0 |      19 |       0 |   0.0
       D:12 |    6508 |    1798 |  21.6 |      18 |       7 |  28.0
       D:13 |    5241 |    3794 |  42.0 |      23 |       8 |  25.8
       D:14 |    1368 |    2593 |  65.5 |       3 |       6 |  66.7
     Lair:1 |    4949 |     450 |   8.3 |      23 |       1 |   4.2
     Lair:2 |    5942 |    6316 |  51.5 |      24 |      26 |  52.0
     Lair:3 |    1299 |    2128 |  62.1 |       6 |       3 |  33.3
     Lair:4 |    3032 |    3284 |  52.0 |      10 |       9 |  47.4
     Lair:5 |    5130 |    9224 |  64.3 |      15 |      25 |  62.5
      Sewer |       0 |     122 | 100.0 |       0 |       9 | 100.0
            +---------+---------+-------+---------+---------+-------
